[Event "Asian Academies Hybrid Chess-ch 2021"]
[Site "Tornelo"]
[Date "2021.11.21"]
[Round "2.3"]
[White "Khaled waleed Abdullah"]
[Black "Amarathunga, Kosala Sandeepa Cham"]
[Result "1/2-1/2"]
[ECO "C18"]
[WhiteElo "1568"]
[BlackElo "1353"]
[Annotator "NA RC"]
[PlyCount "60"]
[EventDate "2021.11.21"]
[EventCountry "NET"]
[SourceTitle "playchess.com"]
[Source "ChessBase"]
[SourceQuality "1"]
[TimeControl "3600+30"]

1. e4 e6 2. d4 d5 3. Nc3 Bb4 4. e5 c5 5. a3 Bxc3+ 6. bxc3 Ne7 7. Qg4 cxd4 8. Qxg7 Rg8 9. Qxh7 Qc7 10. Ne2 dxc3 11. f4 Nbc6 12. Qd3 Bd7 13. Rb1 Nf5 14. Nxc3 a6 15. g4 Rxg4 16. Bh3 Nxe5 17. fxe5 Qxe5+ 18. Ne2 Re4 19. Rb4 Rxb4 20. axb4 Bb5 21. Bf4 Qh8 22. Qc3 Qh4+ 23. Kd2 d4 24. Qf3 Bxe2 25. Kxe2 d3+ 26. Kd2 Nd4 27. Qg4 Qf2+ 28. Kxd3 Qxc2+ 29. Ke3 Nf5+ 30. Kf3 Nd4+ 1/2-1/2

[Event "Asian Academies Hybrid Chess-ch 2021"]
[Site "Tornelo"]
[Date "2021.11.21"]
[Round "2.4"]
[White "Kazi Afsan Rawnak, Anan"]
[Black "Naimanov, Galymzhan"]
[Result "0-1"]
[ECO "B40"]
[WhiteElo "1410"]
[BlackElo "1256"]
[Annotator "NA RC"]
[PlyCount "52"]
[EventDate "2021.11.21"]
[EventCountry "NET"]
[SourceTitle "playchess.com"]
[Source "ChessBase"]
[SourceQuality "1"]
[TimeControl "3600+30"]

1. e4 c5 2. Nf3 e6 3. d4 cxd4 4. Nxd4 Nf6 5. f3 d5 6. exd5 Nxd5 7. c4 Bb4+ 8. Bd2 Qh4+ 9. g3 Qxd4 10. cxd5 Qxb2 11. Nc3 Bxc3 12. Bxc3 Qxc3+ 13. Kf2 O-O 14. d6 Bd7 15. Rc1 Qb2+ 16. Rc2 Qb6+ 17. Ke1 Ba4 18. Rb2 Bxd1 19. Rxb6 Bxf3 20. Rb3 Bxh1 21. Rd3 Nd7 22. Be2 Rac8 23. Kd2 Rfd8 24. Bd1 Nc5 25. Rd4 Rxd6 26. Rxd6 Ne4+ 0-1

[Event "Asian Academies Hybrid Chess-ch 2021"]
[Site "Tornelo"]
[Date "2021.11.21"]
[Round "2.4"]
[White "Galiakbarov, Aldiyar"]
[Black "Aiyan, Rahman"]
[Result "1-0"]
[ECO "C50"]
[WhiteElo "1141"]
[BlackElo "1250"]
[Annotator "NA RC"]
[PlyCount "71"]
[EventDate "2021.11.21"]
[EventCountry "NET"]
[SourceTitle "playchess.com"]
[Source "ChessBase"]
[SourceQuality "1"]
[TimeControl "3600+30"]

1. e4 e5 2. Nf3 Nc6 3. d4 exd4 4. Bc4 Be7 5. c3 dxc3 6. Qd5 Nh6 7. Bxh6 O-O 8. Nxc3 gxh6 9. Qh5 Bf6 10. Qxh6 Bg7 11. Qh5 d6 12. Ng5 h6 13. Nxf7 Kh7 14. Nxd8 Rxd8 15. O-O Ne5 16. Be2 Be6 17. f4 Bf7 18. Qh4 Ng6 19. Qg3 Bd4+ 20. Kh1 Rg8 21. Qd3 Bf6 22. e5 Bg7 23. Bh5 Rad8 24. e6 Be8 25. Nd5 c6 26. Ne7 Bf6 27. Nxg8 Kxg8 28. Bxg6 Bxg6 29. Qxg6+ Bg7 30. e7 Ra8 31. f5 Kh8 32. f6 Bxf6 33. Qxf6+ Kg8 34. Qg6+ Kh8 35. Rf8+ Rxf8 36. exf8=R# 1-0

[Event "Asian Academies Hybrid Chess-ch 2021"]
[Site "Tornelo"]
[Date "2021.11.21"]
[Round "2.4"]
[White "Omarova, Aisha"]
[Black "Wadifa, Ahmed"]
[Result "0-1"]
[ECO "E61"]
[WhiteElo "1012"]
[BlackElo "1759"]
[Annotator "NA RC"]
[PlyCount "114"]
[EventDate "2021.11.21"]
[EventCountry "NET"]
[SourceTitle "playchess.com"]
[Source "ChessBase"]
[SourceQuality "1"]
[TimeControl "3600+30"]

1. c4 Nf6 2. Nc3 g6 3. e3 Bg7 4. Nf3 O-O 5. d4 d6 6. a3 c5 7. Be2 Nbd7 8. O-O a6 9. Nd2 cxd4 10. exd4 Qb6 11. d5 Ne5 12. Nf3 Nxf3+ 13. Bxf3 Bf5 14. Re1 Qc7 15. Be3 Rac8 16. Na4 b5 17. cxb5 axb5 18. Rc1 Qb7 19. Nc3 b4 20. Na4 Rxc1 21. Qxc1 Rc8 22. Qd2 bxa3 23. bxa3 Ra8 24. Qd4 Nxd5 25. Qxd5 Qxd5 26. Bxd5 Rxa4 27. Bc1 Rd4 28. Bb7 Bd7 29. g3 e6 30. Bb2 Ra4 31. Bc1 d5 32. Re3 Bh6 33. Rc3 Bxc1 34. Rxc1 Rxa3 35. Rc7 Bb5 36. h4 h5 37. Rc8+ Kg7 38. Rc7 Ra7 39. Kh2 Ba6 40. f4 Rxb7 41. Rxb7 Bxb7 42. Kg1 Kf6 43. Kf2 Kf5 44. Ke3 Kg4 45. Kf2 d4 46. Ke2 Be4 47. Kf2 Kh3 48. Ke2 Kxg3 49. Kf1 d3 50. Ke1 Kxf4 51. Kd2 e5 52. Ke1 Ke3 53. Kd1 Bf3+ 54. Kc1 d2+ 55. Kb2 d1=Q 56. Ka2 Bd5+ 57. Ka3 Qb3# 0-1